 Dungeon Crawl Stone Soup version 0.25.1-2-g60ff931df9 (webtiles) character file.

Game seed: 14184038941353902180

1429 hawla the Conjurer (level 8, 0/57 HPs)
             Began as a Pale Draconian Conjurer on Nov 18, 2020.
             Slain by an iguana (5 damage)
             ... on level 8 of the Dungeon.
             The game lasted 00:20:52 (7737 turns).

hawla the Conjurer (Pale Draconian Conjurer)        Turns: 7737, Time: 00:20:52

Health: 0/57       AC: 10    Str: 10 (11) XL:     8   Next: 44%
Magic:  2/24       EV: 12    Int: 22 (23) God:
Gold:   219        SH:  0    Dex:  7 (10) Spells: 9/16 levels left

rFire    . . .     SeeInvis .   g - +0 quarterstaff
rCold    . . .     Gourm    .   (shield currently unavailable)
rNeg     . . .     Faith    .   (armour unavailable)
rPois    .         Spirit   .   (helmet restricted)
rElec    .         Reflect  .   s - +0 cloak
rCorr    .         Harm     .   t - +0 pair of gloves
MR       .....     Clarity  +   o - +1 pair of boots
Stlth    +.........             (no amulet)
HPRegen  0.19/turn              p - ring of magical power
MPRegen  0.19/turn              l - +6 ring of intelligence

@: mighty, brilliant, hasted, very quick
A: breathe steam, unfitting armour, hooves 1, clarity, clumsy 1, cold-blooded,
subdued magic 1, AC +6
a: Breathe Steam


You were on level 8 of the Dungeon.
You were very hungry.

You visited 1 branch of the dungeon, and saw 7 of its levels.

You collected 219 gold pieces.

Inventory:

Hand Weapons
 g - a +0 quarterstaff (weapon)
Missiles
 a - 20 poisoned darts (quivered)
 w - 5 boomerangs
Armour
 o - a +1 pair of boots (worn)
 s - a +0 cloak (worn)
 t - a +0 pair of gloves (worn)
Jewellery
 i - an uncursed ring of positive energy
 l - a +6 ring of intelligence (right hand)
 p - a ring of magical power (left hand)
Wands
 r - a wand of random effects (25)
 x - a wand of paralysis (5)
Scrolls
 d - 2 scrolls of amnesia
 e - 4 scrolls of remove curse
 f - 2 scrolls of fog
 j - a scroll of blinking
Potions
 q - a potion of brilliance
Comestibles
 b - 8 rations
 c - a chunk of flesh


   Skills:
 - Level 1.7 Dodging
 - Level 1.7 Stealth
 + Level 4.8 Spellcasting
 * Level 7.6 Conjurations
 + Level 6.4 Translocations


You had 9 spell levels left.
You knew the following spells:

 Your Spells              Type           Power        Failure   Level  Hunger
a - Magic Dart            Conj           ####         1%          1    None
b - Searing Ray           Conj           #####.       1%          2    None
c - Iskenderun's Mystic   Conj/Tloc      #####...     4%          4    None

Your spell library contained the following spells:

 Spells                   Type           Power        Failure   Level  Hunger
 Dazzling Flash           Conj/Hex       ####..       4%          3    None
 Fulminant Prism          Conj/Hex       ####......   19%         4    None


Dungeon Overview and Level Annotations

Branches:
Dungeon (8/15)             Temple (0/1) D:5
   Lair: D:8-11

Altars:
Ashenzari
Dithmenos

Portals:
Abyss: D:5

Annotations:
D:3 1 runed translucent door, Crazy Yiuf
D:5 2 transporters, Anlio's ghost, novice TrHu


Innate Abilities, Weirdness & Mutations

You can breathe blasts of scalding, opaque steam.
Your pale cyan-grey scales are hard. (AC +6)
You cannot fit into any form of body armour.
You are cold-blooded and may be slowed by cold attacks.
You have large cloven feet.
You possess an exceptional clarity of mind.
You are clumsy. (Dex -2)
Your spells are a little easier to cast, but a little less powerful.


Message History

The iguana hisses angrily.
You see here a quarterstaff.
g - a quarterstaff You float gracefully downwards.
g - a +0 quarterstaff (weapon)
The iguana bites you but does no damage.
Casting: Magic Dart (safe; 1% risk of failure)
Confirm with . or Enter, or press ? or * to list all spells.
Aiming: Magic Dart (safe; 1% risk of failure)
Press: ? - help, Shift-Dir - straight line, f - iguana
Aim: an iguana You feel a surge of power!
The magic dart hits the iguana.
The iguana is lightly wounded.
The iguana bites you.
You closely miss the iguana.
The iguana is lightly wounded.
The iguana bites you!
* * * LOW HITPOINT WARNING * * *
You feel yourself speed up. The iguana bites you.
You die...

#... #)...#
#########
#.... #)./##
#....##...##
#...%......#
#..........#
#....##...##
#######...##
...........#
......l@...#
...........#
###..##.....#
#.. #..####
... .... ....
....# ...
....# .....#


You could see an iguana.

Vanquished Creatures
  Sigmund (D:3)
  An eye of draining (D:5)
  A centaur (D:5)
  2 bullfrogs
  A gnoll sergeant (D:8)
  2 scorpions
  A howler monkey (D:4)
  A centaur skeleton (D:5)
  2 hounds
  An orc priest (D:2)
  2 jellies
  An orc wizard (D:8)
  Jessica (D:2)
  Natasha (D:3)
  An iguana (D:5)
  5 worker ants
  A hound zombie (D:5)
  A hound skeleton (D:4)
  8 gnolls
  A howler monkey skeleton (D:5)
  12 adders
  A shadow imp (D:2)
  An ooze (D:4)
  2 adder skeletons (D:4)
  2 worms
  3 dart slugs
  2 leopard geckos (D:4)
  12 orcs
  13 bats
  7 giant cockroaches
  4 goblins
  13 hobgoblins
  9 jackals
  4 quokkas
  9 frilled lizards
  6 kobolds
  A quokka skeleton (D:6)
  9 rats
145 creatures vanquished.

Notes
Turn   | Place    | Note
-------+----------+-------------------------------------------
     0 | D:1      | hawla the Draconian Conjurer began the quest for the Orb.
     0 | D:1      | Reached XP level 1. HP: 14/14 MP: 3/3
   270 | D:1      | Reached XP level 2. HP: 16/20 MP: 0/5
   297 | D:1      | Learned a level 2 spell: Searing Ray
  1168 | D:2      | Reached XP level 3. HP: 26/26 MP: 1/7
  1720 | D:2      | Reached XP level 4. HP: 33/33 MP: 4/8
  1726 | D:2      | Learned a level 4 spell: Iskenderun's Mystic Blast
  1883 | D:2      | Noticed Jessica
  1885 | D:2      | Killed Jessica
  1885 | D:2      | Reached skill level 1 in Translocations
  2123 | D:2      | Found a faded altar of an unknown god.
  2376 | D:2      | Reached XP level 5. HP: 34/38 MP: 0/9
  3407 | D:3      | Noticed Sigmund
  3410 | D:3      | Killed Sigmund
  3410 | D:3      | Reached skill level 5 in Conjurations
  3410 | D:3      | Reached XP level 6. HP: 28/45 MP: 1/10
  3894 | D:3      | Noticed Natasha
  3896 | D:3      | Killed Natasha
  3982 | D:3      | Found a runed translucent door.
  3983 | D:3      | Noticed Crazy Yiuf
  4694 | D:3      | Reached skill level 5 in Translocations
  4694 | D:3      | Your scales start taking on a pale cyan-grey colour.
  4694 | D:3      | Reached XP level 7. HP: 50/50 MP: 7/11
  4767 | D:4      | Reached skill level 6 in Conjurations
  5235 | D:4      | Found a shadowy altar of Dithmenos.
  5536 | D:5      | Entered Level 5 of the Dungeon
  5540 | D:5      | Found a staircase to the Ecumenical Temple.
  6428 | D:5      | Reached XP level 8. HP: 51/57 MP: 10/14
  6558 | D:5      | Found a transporter.
  6559 | D:5      | Found a one-way gate to the infinite horrors of the Abyss.
  6559 | D:5      | Noticed Anlio's ghost (novice TrHu)
  6682 | D:5      | Found a transporter.
  7118 | D:6      | Reached skill level 7 in Conjurations
  7124 | D:6      | Gained mutation: You are dopey. (Int -2) [potion of
                  | mutation]
  7124 | D:6      | Gained mutation: You are resistant to hostile enchantments.
                  | (MR+) [potion of mutation]
  7125 | D:6      | Lost mutation: You are resistant to hostile enchantments.
                  | (MR+) [potion of mutation]
  7125 | D:6      | Lost mutation: You are dopey. (Int -2) [potion of mutation]
  7125 | D:6      | Gained mutation: Your spells are a little easier to cast,
                  | but a little less powerful. [potion of mutation]
  7125 | D:6      | Gained mutation: You have large cloven feet. [potion of
                  | mutation]
  7125 | D:6      | Gained mutation: You are clumsy. (Dex -2) [potion of
                  | mutation]
  7125 | D:6      | Gained mutation: You possess an exceptional clarity of
                  | mind. [potion of mutation]
  7606 | D:6      | You fall into a shaft and drop 2 floors!
  7608 | D:8      | Found a shattered altar of Ashenzari.
  7737 | D:8      | Slain by an iguana

Illustrated notes

Levels and vault maps discovered:
D:1:      onia_arrival_pentagram, layout_basic, minmay_tetromino_t2
D:2:      layout_loops_cross, chequers_ecumenical_altar_simple_redux,
          minivault_26, minmay_small_reverse_x, uniq_jessica
D:3:      minmay_chambers_of_twos, layout_basic, uniq_sigmund,
          uniq_crazy_yiuf_cottage, uniq_natasha
D:4:      layout_basic, grunt_dithmenos_shadows
D:5:      lemuel_ice_spiral_2, layout_basic, minmay_temple_entry_junction,
          gammafunk_ghost_abyssal_escape, first_ration
D:6:      wander_guarded_unrand_ratskin, layout_loops_cross
D:8:      layout_gridville, ashenzari_conservatory_becter,
          nicolae_ossuary_entry_false_entrances, minmay_starry_boxes

Skill      XL: |  1  2  3  4  5  6  7  8 |
---------------+-------------------------+-----
Spellcasting   | 3 4 |  4.8
Translocations | 2 4 5 6 |  6.4
Conjurations   | 5 6 7 |  7.6
Dodging        | |  1.7
Stealth        | |  1.7

Action                   |  1- 3 |  4- 6 |  7- 9 || total
-------------------------+-------+-------+-------++-------
Melee: Unarmed           |    27 |    66 |    44 ||   137
       Tailslap          |     1 |     8 |    13 ||    22
       Quarterstaff      |       |       |     1 ||     1
 Cast: Magic Dart        |    72 |    46 |    65 ||   183
       Searing Ray       |     3 |    19 |    37 ||    59
       Iskenderun's Myst |       |    13 |     5 ||    18
  Use: Scroll            |     1 |     8 |    11 ||    20
       Potion            |       |     2 |     8 ||    10
  Eat: Chunk             |     3 |    12 |    10 ||    25
Armor: Skin              |     5 |    35 |    31 ||    71
Dodge: Dodged            |    19 |    86 |    48 ||   153
